 Seeded DCSS version 0.29.1-12-g30fa7ad0bf (webtiles) character file.

Game seed: 9845822215292249863 (custom seed)

13693850 hikkokomori the Merry Octopus (level 27, 224/224 HPs)
             Began as an Octopode Conjurer on Jan 8, 2023.
             Was an Initiate of Gozag.
             Escaped with the Orb
             ... and 15 runes on Jan 10, 2023!
             The game lasted 04:51:49 (116572 turns).

hikkokomori the Merry Octopus (Octopode Conjurer) Turns: 116572, Time: 04:51:49

Health: 224/224    AC: -1    Str: 12    XL:     27
Magic:  54/54      EV: 75    Int: 21    God:    Gozag
Gold:   24912      SH:  0    Dex: 51    Spells: 39/80 levels left

rFire   + + .      SeeInvis +   g - +10 triple crossbow "Iprod" {penet, Int+2}
rCold   + + .      Faith    .   (shield currently unavailable)
rNeg    + + .      Spirit   .   K - -2 hat of the Alchemist {rElec rPois rF+ rC+ rN+ Will+ rMut rCorr}
rPois   +          Reflect  .   W - necklace of Bloodlust {*Rage Will++ Int-3 Slay+6}
rElec   +          Harm     .   S - ring "Boucitoce" {rPois rF- Str+4 Dex+6}
rCorr   +          Rampage  .   k - ring "Xoseeh" {Dex+6 Slay+6}
rMut    +          Rage     50% E - ring "Larghie" {rElec EV+4 Dex+4}
Will    +++++                   F - ring "Sucubaiv" {rF+ rCorr Str+3 Dex+6 Stlth+}
Stlth   +++++.....              Q - ring of Xutreiclan {rC+ Slay+3}
HPRegen 0.47/turn               V - ring of Entulec {Drain EV+4 Str+4 Dex+5 SInv}
MPRegen 0.34/turn               h - ring "Quenaph" {Will+ Dex+2 Slay+6}
                                B - ring of Nusi {+Blink rPois rF+ rN+ Str-4}

@: studying 4 skills
A: almost no armour, amphibious, 8 rings, camouflage 1, gelatinous body 1,
(nimble swimmer 1), tentacles, agile 1, dopey 1, weak 1
0: Orb of Zot
}: 15/15 runes: decaying, slimy, silver, golden, iron, obsidian, icy, bone,
abyssal, demonic, glowing, magical, fiery, dark, gossamer
a: Renounce Religion, Evoke Blink, Potion Petition, Call Merchant, Bribe Branch


You escaped.
You worshipped Gozag.
Gozag was extremely pleased with you.
You visited 18 branches of the dungeon, and saw 88 of its levels.
You visited Pandemonium 2 times, and saw 17 of its levels.
You visited the Abyss 2 times.
You visited 2 bazaars.
You also visited: Trove and Wizlab.

You collected 57242 gold pieces.
You spent 7990 gold pieces at shops.
You paid 24340 gold pieces to Gozag.

Inventory:

Hand Weapons
 g - the +10 triple crossbow "Iprod" (weapon) {penet, Int+2}
   (You acquired it on level 1 of the Dungeon)

   Any ammunition fired by it passes through the targets it hits, potentially
   hitting all targets in its path until it reaches maximum range.
   Int:       It affects your intelligence (+2).
 C - the +8 longbow "Zephyr" {speed, Dex+3 SInv}
   (You found it in a treasure trove)

   Attacks with this weapon are significantly faster.
   Dex:       It affects your dexterity (+3).
   SInv:      It lets you see invisible.
Armour
 w - the +4 moon troll leather armour {Spirit, Regen++ MP+5}
   (You took it off a moon troll in a wizard's laboratory)

   MP:        It affects your magic capacity (+5).
   Regen:     It increases your rate of health regeneration.
 K - the -2 hat of the Alchemist (worn) {rElec rPois rF+ rC+ rN+ Will+ rMut rCorr}
   (You found it on level 4 of the Spider Nest)

   rF:        It protects you from fire.
   rC:        It protects you from cold.
   rElec:     It insulates you from electricity.
   rPois:     It protects you from poison.
   rN:        It protects you from negative energy.
   rCorr:     It protects you from acid and corrosion.
   rMut:      It protects you from mutation.
   Will:      It increases your willpower.
Jewellery
 h - the ring "Quenaph" (on tentacle) {Will+ Dex+2 Slay+6}
   (You bought it in a shop on level 3 of the Swamp)

   [ring of willpower]

   Dex:       It affects your dexterity (+2).
   Slay:      It affects your accuracy & damage with ranged weapons and melee
   (+6).
   Will:      It increases your willpower.
 i - the amulet "Necaas" {Reflect rC+ Str-4 Int+6 SH+5}
   (You bought it in a shop on level 4 of the Depths)

   [amulet of reflection]

   It reflects blocked missile attacks.
   Str:       It affects your strength (-4).
   Int:       It affects your intelligence (+6).
   rC:        It protects you from cold.
   SH:        It affects your SH (+5).
 k - the ring "Xoseeh" (right tentacle) {Dex+6 Slay+6}
   (You acquired it on level 1 of the Dungeon)

   [ring of dexterity]

   Dex:       It affects your dexterity (+6).
   Slay:      It affects your accuracy & damage with ranged weapons and melee
   (+6).
 B - the ring of Nusi (on tentacle) {+Blink rPois rF+ rN+ Str-4}
   (You acquired it on level 3 of the Lair of Beasts)

   [ring of poison resistance]

   Str:       It affects your strength (-4).
   rF:        It protects you from fire.
   rPois:     It protects you from poison.
   rN:        It protects you from negative energy.
   +Blink:    It lets you blink.
 E - the ring "Larghie" (on tentacle) {rElec EV+4 Dex+4}
   (You bought it in a shop on level 3 of the Swamp)

   [ring of evasion]

   EV:        It affects your evasion (+4).
   Dex:       It affects your dexterity (+4).
   rElec:     It insulates you from electricity.
 F - the ring "Sucubaiv" (on tentacle) {rF+ rCorr Str+3 Dex+6 Stlth+}
   (You bought it in a shop on level 4 of the Dungeon)

   [ring of dexterity]

   Str:       It affects your strength (+3).
   Dex:       It affects your dexterity (+6).
   rF:        It protects you from fire.
   rCorr:     It protects you from acid and corrosion.
   Stlth:     It makes you more stealthy.
 H - the ring "Doluozup" {rN+ Will+ AC+4 Str-5 Stlth+}
   (You found it in a treasure trove)

   [ring of protection]

   AC:        It affects your AC (+4).
   Str:       It affects your strength (-5).
   rN:        It protects you from negative energy.
   Will:      It increases your willpower.
   Stlth:     It makes you more stealthy.
 P - the ring of the Mage {Wiz Archmagi}
   (You found it on level 5 of the Lair of Beasts)

   [ring of wizardry]

   It improves your spell success rate.
   Archmagi:  It increases the power of your magical spells.
 Q - the ring of Xutreiclan (on tentacle) {rC+ Slay+3}
   (You took it off a deep elf annihilator on level 3 of the Elven Halls)

   [ring of protection from cold]

   Slay:      It affects your accuracy & damage with ranged weapons and melee
   (+3).
   rC:        It protects you from cold.
 S - the ring "Boucitoce" (left tentacle) {rPois rF- Str+4 Dex+6}
   (You found it on level 1 of the Swamp)

   [ring of dexterity]

   Str:       It affects your strength (+4).
   Dex:       It affects your dexterity (+6).
   rF:        It makes you vulnerable to fire.
   rPois:     It protects you from poison.
 V - the ring of Entulec (on tentacle) {Drain EV+4 Str+4 Dex+5 SInv}
   (You found it on level 4 of the Vaults)

   [ring of evasion]

   EV:        It affects your evasion (+4).
   Str:       It affects your strength (+4).
   Dex:       It affects your dexterity (+5).
   SInv:      It lets you see invisible.
   Drain:     It drains your maximum health when unequipped.
 W - the necklace of Bloodlust (around mantle) {*Rage Will++ Int-3 Slay+6}
   (You found it on level 2 of the Depths)

   [amulet of nothing]

   It extends the wearer's berserk rage when killing foes.
   Int:       It affects your intelligence (-3).
   Slay:      It affects your accuracy & damage with ranged weapons and melee
   (+6).
   *Rage:     It berserks you when you make melee attacks (+50% chance).
   Will:      It greatly increases your willpower.
Wands
 x - a wand of mindburst (16)
 G - a wand of light (27)
 T - a wand of charming (63)
 X - a wand of roots (33)
 Y - a wand of digging (2)
Scrolls
 b - 18 scrolls of teleportation
 j - 16 scrolls of amnesia
 m - 7 scrolls of blinking
 p - 11 scrolls of poison
 r - 12 scrolls of fear
 s - 22 scrolls of butterflies
 t - 2 scrolls of enchant weapon
 A - 2 scrolls of magic mapping
 N - 2 scrolls of summoning
 U - 11 scrolls of silence
 Z - 10 scrolls of brand weapon
Potions
 a - 11 potions of magic
 d - 7 potions of berserk rage
 e - 11 potions of heal wounds
 f - 32 potions of curing
 n - 14 potions of brilliance
 o - 13 potions of ambrosia
 q - 8 potions of might
 v - 17 potions of lignification
 z - 4 potions of invisibility
 D - 13 potions of flight
 J - 6 potions of resistance
 L - 6 potions of cancellation
 O - 14 potions of haste
 R - 11 potions of mutation
Miscellaneous
 c - a tin of tremorstones (2/2)
 l - a lightning rod (4/4)
 u - a condenser vane
 y - a box of beasts
 I - a phantom mirror
 M - a figurine of a ziggurat


   Skills:
 O Level 27 Fighting
 O Level 27 Ranged Weapons
 O Level 27 Dodging
 O Level 27 Stealth
 O Level 27 Spellcasting
 - Level 4.3 Conjurations
 - Level 1.4 Hexes
 - Level 21.9 Necromancy
 + Level 21.2 Translocations
 - Level 19.4 Transmutations
 - Level 14.0 Earth Magic
 - Level 12.6 Evocations


You had 39 spell levels left.
You knew the following spells:

 Your Spells              Type           Power      Damage    Failure   Level
a - Magic Dart            Conj           100%       1d8       1%          1
b - Searing Ray           Conj           92%        2d7       1%          2
c - Borgnjor's Vile Clut  Necr/Erth      40%        N/A       1%          5
d - Portal Projectile     Hex/Tloc       100%       N/A       1%          3
e - Storm Form            Tmut/Air       31%        N/A       19%         7
f - Necromutation         Tmut/Necr      43%        N/A       1%          8
g - Dispersal             Tloc           43%        N/A       1%          6
h - Death's Door          Necr           44%        N/A       14%         9

Your spell library contained the following spells:

 Spells                   Type           Power      Damage    Failure   Level
 Necrotise                Necr           100%       1d9       0%          1
 Sandblast                Erth           100%       2d20      0%          1
 Blink                    Tloc           100%       N/A       0%          2
 Sublimation of Blood     Necr           88%        N/A       0%          2
 Wereblood                Tmut           83%        N/A       0%          2
 Gell's Gravitas          Tloc           87%        N/A       0%          3
 Lesser Beckoning         Tloc           87%        N/A       0%          3
 Teleport Other           Tloc           87%        N/A       0%          3
 Vampiric Draining        Necr           88%        2d12      0%          3
 Dispel Undead            Necr           88%        3d28      0%          4
 Passage of Golubria      Tloc           87%        N/A       0%          4
 Petrify                  Tmut/Erth      78%        N/A       0%          4
 Agony                    Necr           88%        N/A       0%          5
 Blade Hands              Tmut           41%        N/A       0%          5
 Manifold Assault         Tloc           87%        N/A       0%          5
 Freeze                   Ice            100%       1d11      1%          1
 Shock                    Conj/Air       100%       1d9       1%          1
 Slow                     Hex            100%       N/A       1%          1
 Sting                    Tmut/Pois      100%       1d8       1%          1
 Summon Small Mammal      Summ           100%       N/A       1%          1
 Call Imp                 Summ           28%        N/A       1%          2
 Ensorcelled Hibernation  Hex/Ice        62%        N/A       1%          2
 Poisonous Vapours        Pois/Air       56%        N/A       1%          2
 Scorch                   Fire           56%        2d7       1%          2
 Static Discharge         Conj/Air       37%        3-8/arc   1%          2
 Confusing Touch          Hex            34%        N/A       1%          3
 Conjure Flame            Conj/Fire      37%        6-21      1%          3
 Dazzling Flash           Conj/Hex       80%        N/A       1%          3
 Ignite Poison            Fire/Tmut/Pois 53%        N/A       1%          3
 Mephitic Cloud           Conj/Pois/Air  34%        N/A       1%          3
 Spider Form              Tmut/Pois      62%        N/A       1%          3
 Tukima's Dance           Hex            34%        N/A       1%          3
 Anguish                  Hex/Necr       33%        N/A       1%          4
 Ice Form                 Ice/Tmut       62%        N/A       1%          4
 Iskenderun's Mystic Bla  Conj/Tloc      70%        2d14      1%          4
 Leda's Liquefaction      Hex/Erth       28%        N/A       1%          4
 Alistair's Intoxication  Tmut/Pois      41%        N/A       1%          5
 Irradiate                Conj/Tmut      33%        3d22      1%          5
 Lee's Rapid Deconstruct  Erth           36%        3d19*     1%          5
 Summon Forest            Summ/Tloc      32%        N/A       1%          5
 Death Channel            Necr           44%        N/A       1%          6
 Statue Form              Tmut/Erth      52%        N/A       1%          6
 Dragon Form              Tmut           41%        N/A       1%          7
 Borgnjor's Revivificati  Necr           44%        N/A       1%          8
 Disjunction              Tloc           43%        N/A       1%          8
 Infestation              Necr           44%        N/A       1%          8
 Inner Flame              Hex/Fire       31%        N/A       2%          3
 Summon Guardian Golem    Hex/Summ       31%        N/A       2%          3
 Call Canine Familiar     Summ           28%        N/A       3%          3
 Frozen Ramparts          Ice            56%        1d9       3%          3
 Ozocubu's Armour         Ice            28%        N/A       3%          3
 Swiftness                Air            28%        N/A       3%          3
 Fulminant Prism          Conj/Hex       20%        3d13      3%          4
 Eringya's Noxious Bog    Tmut/Pois      31%        N/A       3%          6
 Flame Wave               Conj/Fire      37%        2d10      4%          4
 Hailstorm                Conj/Ice       37%        3d9       4%          4
 Sticky Flame             Conj/Fire      37%        2d6       4%          4
 Iron Shot                Conj/Erth      30%        9d6       4%          6
 Iskenderun's Battlesphe  Conj           46%        2d10      5%          5
 Cause Fear               Hex            17%        N/A       6%          4
 Airstrike                Air            14%        2d(2-18)  11%         4
 Olgreb's Toxic Radiance  Pois           28%        N/A       11%         4
 Summon Lightning Spire   Summ/Air       28%        N/A       11%         4
 Haunt                    Necr/Summ      32%        N/A       11%         7
 Malign Gateway           Summ/Tloc      32%        N/A       12%         7
 Fireball                 Conj/Fire      18%        3d9       13%         5
 Lightning Bolt           Conj/Air       18%        1d33      13%         5
 Freezing Cloud           Conj/Ice/Air   17%        6-21      17%         5
 Metabolic Englaciation   Hex/Ice        15%        N/A       24%         5
 Silence                  Hex/Air        15%        N/A       24%         5
 Summon Mana Viper        Hex/Summ       31%        N/A       24%         5
 Starburst                Conj/Fire      18%        6d7       58%         6
 Summon Cactus Giant      Summ           14%        N/A       86%         6
 Orb of Destruction       Conj           23%        9d8       86%         7
 Lehudib's Crystal Spear  Conj/Erth      30%        10d8      87%         8
 Shatter                  Erth           36%        3d29*     98%         9
 Enfeeble                 Hex            17%        N/A       99%         7
 Spellforged Servitor     Conj/Summ      18%        N/A       99%         7
 Ozocubu's Refrigeration  Ice            14%        4d10      100%        7
 Summon Hydra             Summ           14%        N/A       100%        7
 Discord                  Hex            17%        N/A       100%        8
 Ignition                 Fire           14%        3d6       100%        8
 Maxwell's Capacitive Co  Air            14%        ∞         100%        8
 Summon Horrible Things   Summ           14%        N/A       100%        8
 Chain Lightning          Conj/Air       18%        3d24      100%        9
 Dragon's Call            Summ           14%        N/A       100%        9
 Fire Storm               Conj/Fire      18%        8d5       100%        9
 Polar Vortex             Ice            14%        N/A       100%        9
 Animate Dead             Necr           Unusable   N/A       N/A         4
 Animate Armour           Summ/Erth      Unusable   N/A       N/A         4
 Corpse Rot               Necr/Pois/Air  Unusable   N/A       N/A         4
 Simulacrum               Ice/Necr       Unusable   N/A       N/A         6

Dungeon Overview and Level Annotations

Branches:
Dungeon (15/15)            Temple (1/1) D:4            Lair (5/5) D:10
  Swamp (4/4) Lair:3       Spider (4/4) Lair:2        Slime (5/5) Lair:4
    Orc (2/2) D:10            Elf (3/3) Orc:2        Vaults (5/5) D:14
  Crypt (3/3) Vaults:3       Tomb (3/3) Crypt:3      Depths (4/4) D:15
   Hell (visited)             Dis (7/7) Hell            Geh (7/7) Hell
    Coc (7/7) Hell            Tar (7/7) Hell            Zot (5/5) Depths:4
 WizLab (visited)

Altars:
Ashenzari
Dithmenos
Elyvilon
Fedhas
Gozag
Kikubaaqudgha
Makhleb
Okawaru
Trog
Vehumet
Wu Jian
Xom
Yredelemnul
Zin
Jiyva

Shops:
D:4 =   D:10 *[   D:14 ?   Orc:1 [?   Orc:2 ((?*:(   Elf:1 *   Elf:2 !
Swamp:3 =   Vaults:1 !(((   Vaults:4 :   Zot:1 *   Zot:3 =   Depths:1 (:[*
Depths:3 *   Depths:4 :=::

Portals:
Hell: Depths:1 Depths:2 Depths:3 Depths:4
Abyss: Depths:1 Depths:3
Pandemonium: Depths:1 Depths:2
Ziggurat: Depths:1

Annotations:
D:11 1 runed translucent door
Elf:2 1 runed translucent door
Zot:2 36 runed doors, Yliz's ghost, legendary DsBe
Zot:3 1 transporter


Innate Abilities, Weirdness & Mutations

You cannot wear most types of armour.
You are amphibious.
You can wear up to eight rings at the same time.
Your skin changes colour to match your surroundings (Stealth+).
Your rubbery body absorbs attacks. (AC +1, EV +1)
((You are camouflaged when in or above water. (Stealth+)))
You have tentacles for arms and can constrict up to eight enemies at once.
You are agile. (Dex +4, Str/Int -1)
You are dopey. (Int -2)
You are weak. (Str -2)


Message History

The angel dissolves into sparkling lights!
The cherub dissolves into sparkling lights!
Unknown command.
Things that are here:
a +0 robe; a +0 dagger You now have 24906 gold pieces (gained 4).
Things that are here:
a +1 whip of holy wrath; a +0 robe You now have 24912 gold pieces (gained 6).
Things that are here:
a +8 great sword of flaming; +0 pearl dragon scales
There is a stone staircase leading up here.
You climb upwards.
There is a stone staircase leading down here.
(D) Dungeon (T) Temple (L) Lair (S) Swamp (N) Spider Nest (M) Slime Pits (O) Orcish Mines (E) Elven Halls (V) Vaults (C) Crypt (W) Tomb (U) Depths (H) Hell (I) Dis (G) Gehenna (X) Cocytus (Y) Tartarus (Z) Zot
Where to? (Enter - D:1, ? - help)
There is a stone staircase leading up here.
You climb upwards.
There is a stone staircase leading down here.
There is a stone staircase leading up, spattered with blood here.
You climb upwards.
There is a stone staircase leading down here.
There is a stone staircase leading up here.
You climb upwards.
There is a stone staircase leading down here.
There is a stone staircase leading up here.
You climb upwards.
There is a stone staircase leading down here.
There is a stone staircase leading up here.
You climb upwards.
There is a stone staircase leading down here.
There is a shaft here.
There is a staircase leading out of the dungeon here.
You can't go down here!
Unknown command.
You have escaped!

.# ##.###### #.....#
#..##### .# ##.# ###.###
##....# .#
##..############..####..##.#
##
#..........................#
#.P~~~~~~≈~P...P≈≈~≈~~~≈P..#
#.~~≈~~~~≈≈~...~≈≈~~~~≈~~..#
#.~≈≈~~~~≈≈~...~~≈~~~)≈≈~..#
#.P~~~~~≈≈~.....~~~~~≈~~P..#
#............@............##
#.P~~≈~~~~~.....~~~~~~~≈P.#
#.~~≈~~~~~≈~...~~~~~~~≈≈≈.#
#.~~≈~~~~≈≈~...~~≈~~~~≈≈~.#
#.P~~~~~~~≈P...P~~~~~~~~P.#
#.........................#
#.####.###..#######..######
#.........................#
#######.#################.#


There were no monsters in sight!

Vanquished Creatures
  Cerebov (Pan)
  Asmodeus (Geh:7)
  Antaeus (Coc:7)
  the Royal Jelly (Slime:5)
  Ereshkigal (Tar:7)
  Gloorx Vloq (Pan)
  Ignacio (Pan)
  2 seraphim the Serpent of Hell (Tar:7)
  Lom Lobon (Pan)
  4 dread liches
  Mnoleg (Pan)
  3 ancient liches
  Dispater (Dis:7)
  13 orbs of fire
  Mennas (Pan)
  Mara (Swamp:4)
  5 juggernauts
  Josephina (Depths:3)
  24 royal mummies
  12 pandemonium lords
  4 Killer Klowns
  Bai Suzhen (Swamp:3)
  14 shard shrikes
  4 curse toes
  Xtahua (Depths:3)
  15 caustic shrikes
  11 golden dragons
  the Enchantress (Depths:3)
  10 bone dragons
  2 pearl dragons (Pan)
  21 profane servitors
  2 electric golems (Zot:5)
  16 Brimstone Fiends
  8 doom hounds
  25 Tzitzimimeh
  15 iron giants
  10 hellephants
  The ghost of FexLirch the Executioner, an adept HOFi of Beogh (Vaults:4)
  Zenata (Elf:1)
  24 tentacled monstrosities
  A spectral shard shrike (Tar:1)
  21 tainted leviathans
  43 Hell Sentinels
  24 Orb Guardians
  16 Ice Fiends
  Jorgrun (Spider:3)
  A walking earthen tome (Depths:3)
  A walking frostbound tome (Abyss:5)
  3 deep elf blademasters
  A moon troll (WizLab)
  31 searing wretches
  Grunn (Depths:2)
  The ghost of Yloucecuu the Ninja, a veteran SpEn of Dithmenos (Vaults:3)
  A walking divine tome (Depths:3)
  17 liches
  9 quicksilver dragons
  4 deep elf master archers (Elf:3)
  16 titans
  Murray (Depths:2)
  9 death cobs
  25 Executioners
  26 ancient champions
  17 acid blobs
  20 tentacled starspawn
  5 thorn hunters
  Agnes (Elf:1)
  8 shadow dragons
  Roxanne (Spider:2)
  5 tengu reavers (Vaults:5)
  16 sphinxes
  26 storm dragons
  The ghost of Rangus the Fighter, a journeyman OgWn of Cheibriados (Orc:2)
  10 draconian monks
  9 rockslimes
  12 demonspawn warmongers (Pan)
  Donald (Swamp:4)
  3 revenants
  3 fenstrider witches (Swamp:4)
  22 fire giants
  10 emperor scorpions
  3 spectral caustic shrikes
  16 daevas
  7 quicksilver elementals
  12 azure jellies
  4 draconian scorchers
  14 frost giants
  12 narguns
  2 draconian knights
  2 spectral juggernauts
  5 draconian shifters
  Aizul (Depths:1)
  13 ghost moths
  27 vault wardens
  3 deep elf sorcerers
  59 balrugs
  3 iron dragons
  33 angels
  The ghost of Timisetechie the Severer, a journeyman HOFi of Beogh (Spider:1)
  Louise (Swamp:4)
  6 draconian stormcallers
  30 cacodemons
  5 spriggan defenders
  7 shard shrike simulacra
  5 curse skulls
  22 ghouls
  11 demonspawn blood saints (Pan)
  72 very ugly things
  7 demonspawn corrupters (Pan)
  5 broodmothers
  10 ironbound thunderhulks
  16 stone giants
  21 ironbound preservers
  11 draconian annihilators
  6 quicksilver oozes
  35 war gargoyles
  A spectral titan (Tar:1)
  4 starflowers
  An eleionoma (Abyss:4)
  The ghost of ThatPearl the Fighter, a journeyman DgIE (Orc:1)
  4 bennus
  32 elemental wellsprings
  10 vampire knights
  19 ophanim (Pan)
  21 reapers
  5 deep elf demonologists
  30 apis (Pan)
  9 black draconians
  7 green draconians
  12 demonspawn black suns (Pan)
  17 wendigos
  39 putrid mouths
  A minotaur (shapeshifter) (Vaults:5)
  Azrael (Orc:2)
  8 entropy weavers
  5 spark wasps
  11 purple draconians
  12 dire elephants
  27 lorocyprocas
  9 deep elf annihilators
  4 bunyips
  10 yellow draconians
  8 white draconians
  10 red draconians
  26 iron golems
  9 deep elf death magi
  2 crystal guardians (WizLab)
  16 blizzard demons
  15 mummy priests
  12 ettins
  A spectral quicksilver dragon (Tar:3)
  15 eidola
  A spectral iron giant (Tar:5)
  The ghost of cheesebisquit the Severer, a journeyman MiBe of Trog (D:11)
  22 green deaths
  A spectral kraken (Tar:7)
  6 jiangshi
  A spectral elf (Tar:2)
  4 spectral spriggans
  Harold (D:10)
  8 fire dragons
  A spriggan zombie (Tomb:3)
  7 deep elf high priests
  2 shambling mangroves
  10 great orbs of eyes
  17 salamander tyrants
  42 vault guards
  10 boulder beetles
  3 peacekeepers
  12 caustic shrike simulacra
  A hydra (shapeshifter) (Vaults:5)
  9 ice dragons
  7 rakshasas
  6 spriggan air magi
  A juggernaut simulacrum (Coc:1)
  13 hydras
  2 ghost crabs (Swamp:4)
  4 hell beasts (Pan)
  A radroach (Spider:1)
  12 yaktaur captains
  3 ogre magi
  A spectral stone giant (Tar:1)
  Erolcha (Orc:1)
  2 catoblepae
  An alligator (shapeshifter) (Vaults:5)
  2 death knights
  11 ironbound frosthearts
  A merfolk avatar (Lair:5)
  4 jorogumos
  9 alligators
  34 dancing weapons
  13 centaur warriors
  An anaconda (shapeshifter) (Depths:1)
  50 death scarabs
  7 stokers
  7 deep troll shamans
  5 two-headed ogres
  4 death yaks
  5 tengu warriors
  12 deep troll earth magi
  12 spriggan berserkers
  28 hell hogs
  A titan zombie (Crypt:3)
  A death yak (shapeshifter) (Vaults:5)
  5 vampire magi
  An azure jelly zombie (Crypt:1)
  4 spectral dire elephants
  26 thrashing horrors
  3 orc high priests (Orc:2)
  Nergalle (Orc:1)
  Urug (D:13)
  13 deep elf knights
  An emperor scorpion zombie (Tomb:1)
  28 soul eaters
  A titan skeleton (Pan)
  94 sun demons
  15 crystal echidnas
  2 storm dragon skeletons
  23 skeletal warriors
  10 wretched stars
  A hell knight (Depths:4)
  15 iron trolls
  A spectral bunyip (Tar:1)
  8 cherubim (Pan)
  11 shadow wraiths
  3 death drakes
  3 swamp dragons
  5 goliath frogs
  9 orb spiders
  22 sixfirhies
  11 glowing orange brains
  68 large abominations
  5 pharaoh ants
  An anaconda zombie (Abyss:4)
  2 sea snakes (Lair:5)
  3 spectral hydras
  2 bog bodies
  9 spriggan simulacra
  70 deep trolls
  5 steelbarb worms
  16 deep elf archers
  10 flayed ghosts
  9 quicksilver dragon simulacra
  4 harpies
  5 orange crystal statues
  5 lindwurms
  18 wizards
  4 spriggan druids (Swamp:4)
  10 shadow demons (Pan)
  20 phantasmal warriors
  30 starcursed masses
  A goliath frog zombie (Crypt:3)
  21 ironbound convokers
  3 obsidian statues
  3 oklob plants (Abyss:5)
  Pikel (D:4)
  An anaconda skeleton (Crypt:3)
  24 deep elf pyromancers
  The ghost of haze1103 the Cleaver, a novice MiBe of Trog (D:7)
  32 deep elf zephyrmancers
  8 shining eyes
  An iron giant skeleton (Tomb:3)
  5 orc knights
  A human zombie (Vaults:2)
  A stone giant zombie (Crypt:2)
  A salamander (D:15)
  5 necromancers
  3 spectral ettins
  A frost giant zombie (Vaults:2)
  9 orc sorcerers
  4 manticores
  42 ugly things
  12 wolf spiders
  A sphinx skeleton (Vaults:2)
  4 worldbinders
  6 cyclopes
  29 moths of wrath
  81 slime creatures
  4 will-o-the-wisps (Swamp:3)
  5 spectral centaurs
  A salamander (shapeshifter) (Vaults:5)
  A shining eye (shapeshifter) (Vaults:3)
  2 dire elephant zombies (Tomb:1)
  6 elephants
  A jorogumo skeleton (Crypt:1)
  4 black mambas
  A fire giant skeleton (Depths:1)
  25 vault sentinels
  9 rust devils
  2 torpor snails
  A naga zombie (Abyss:4)
  2 apocalypse crabs (Abyss:5)
  25 orange demons
  A toenail golem (Pan)
  3 molten gargoyles
  50 smoke demons
  2 human skeletons
  13 eyes of devastation
  A storm dragon simulacrum (Coc:1)
  A torpor snail (shapeshifter) (Vaults:5)
  6 titan simulacra
  7 spectral swamp worms (Tar:7)
  A gargoyle (D:12)
  21 demonic crawlers
  5 efreet
  3 naga skeletons
  3 unseen horrors
  16 cane toads
  10 freezing wraiths
  3 spectral nagas
  A green draconian zombie (Crypt:3)
  10 rime drakes
  50 yaktaurs
  20 tormentors
  A komodo dragon (shapeshifter) (Vaults:5)
  3 anaconda simulacra
  43 hellions
  2 iron giant simulacra
  2 golden dragon simulacra
  3 ice devils
  7 komodo dragons
  3 spriggan skeletons
  4 tengu conjurers
  5 spectral harpies
  7 ancient zymes
  6 silent spectres
  4 red devils (Pan)
  16 hellwings
  A wind drake (shapeshifter) (Elf:1)
  3 polar bears
  A hydra zombie (Tomb:1)
  2 bloated husks
  36 guardian mummies
  21 meliai
  A sea snake skeleton (Crypt:1)
  A shadow dragon simulacrum (Coc:1)
  10 tyrant leeches
  A harpy zombie (Tomb:1)
  A mana viper skeleton (Crypt:3)
  2 trolls
  An ettin zombie (Crypt:1)
  19 wind drakes
  Grinder (D:6)
  22 tarantellas
  A sphinx simulacrum (Depths:3)
  24 hornets
  A snapping turtle (Lair:5)
  13 dream sheep
  32 raiju
  14 blink frogs
  4 iron dragon simulacra
  2 harpy skeletons (Pan)
  A guardian serpent skeleton (Crypt:3)
  A spriggan (shapeshifter) (Vaults:5)
  A stone giant simulacrum (Depths:1)
  27 culicivoras
  10 spriggans
  2 black mamba zombies (Crypt:1)
  26 jumping spiders
  19 flying skulls
  A jumping spider (shapeshifter) (Depths:3)
  2 shadows
  37 ynoxinuls
  4 dire elephant simulacra
  8 wraiths
  3 wyverns
  6 fire bats
  4 air elementals (Elf:1)
  A yak (shapeshifter) (Vaults:5)
  63 yaks
  5 water elementals
  16 ushabtiu
  13 small abominations
  Eustachio (D:4)
  2 black mamba skeletons (Pan)
  7 vampire mosquitoes
  4 basilisks
  14 golden eyes
  37 chaos spawn
  7 fire elementals
  36 neqoxecs
  34 redbacks
  4 steam dragons
  6 wargs
  7 harpy simulacra
  2 merfolk zombies
  Menkaure (D:4)
  A faun zombie (Crypt:2)
  A spatial vortex (Abyss:5)
  17 swamp worms
  3 acid dragons
  A floating eye (shapeshifter) (D:13)
  A glowing shapeshifter skeleton (Crypt:1)
  A hydra simulacrum (Coc:4)
  18 water moccasins
  6 hell hounds
  A two-headed ogre skeleton (Crypt:1)
  A floating eye (Depths:3)
  17 orc warriors
  A swamp dragon zombie (Crypt:1)
  A swamp drake (Swamp:2)
  An ice beast (D:5)
  A black bear (D:5)
  8 ettin simulacra
  A sky beast (D:7)
  4 ogres
  12 boggarts
  15 wolves
  A blink frog skeleton (Crypt:3)
  8 centaurs
  8 kobold brigands
  2 lemures (D:4)
  4 necrophages
  22 bullfrogs
  2 earth elementals
  2 naga simulacra
  7 scorpions
  2 salamander skeletons (Crypt:2)
  7 wights
  6 howler monkeys
  A wolf zombie (Crypt:2)
  2 electric eels
  5 crimson imps (Pan)
  2 jellies
  3 hounds
  2 gnoll boudas
  12 orc priests
  An iron imp (Abyss:4)
  2 iguanas
  A scorpion zombie (Crypt:2)
  Natasha (thrice) (D:3)
  20 orc wizards
  4 hell rats (Depths:2)
  A tengu skeleton (Crypt:1)
  24 mummies
  7 adders
  15 gnolls
  A shadow imp (D:7)
  A steam dragon skeleton (Crypt:2)
  5 ufetubi
  2 worms
  2 dart slugs (D:1)
  65 orcs
  8 endoplasms
  3 giant cockroaches
  3 goblins
  4 hobgoblins
  4 jackals (D:5)
  48 kobolds
  7 quokkas
  7 ball pythons
  A ball python skeleton (Crypt:3)
  9 bats
  A butterfly zombie (Crypt:3)
  4 frilled lizards
  A gnoll skeleton (Crypt:3)
  5 rats
  A rat zombie (Crypt:3)
  6 creeping infernos
  A demonic plant (WizLab)
  33 fire vortices
  3 lurking horrors
  8 starspawn tentacles
  2 tentacles (Tar:7)
4492 creatures vanquished.

Vanquished Creatures (collateral kills)
  Geryon (Hell)
  A draconian scorcher (Zot:4)
  A draconian stormcaller (Zot:4)
  A red draconian (Zot:4)
  A purple draconian (Zot:4)
  A yellow draconian (Zot:4)
  A spriggan air mage (Depths:2)
  A moth of wrath (Depths:2)
8 creatures vanquished.

Vanquished Creatures (others)
  An ancient lich (Zot:5)
  A curse toe (Zot:5)
  A hellephant (Geh:4)
  A tentacled monstrosity (Zot:5)
  2 Orb Guardians (Zot:5)
  A death cob (Zot:4)
  A draconian monk (Zot:4)
  A balrug (Geh:3)
  A draconian stormcaller (Zot:5)
  3 shard shrike simulacra
  A red draconian (Zot:5)
  3 caustic shrike simulacra
  A deep elf knight (Elf:3)
  A sixfirhy (Pan)
  A spriggan simulacrum (Hell)
  A shadow demon (Pan)
  An obsidian statue (Zot:5)
  2 moths of wrath
  A titan simulacrum (Coc:7)
  A raiju (Abyss:4)
  A stone giant simulacrum (Coc:4)
  2 dire elephant simulacra
  A chaos spawn (Pan)
  A bush (Lair:5)
  4 demonic plants
  2 foxfires (Swamp:3)
  23 fungi
  59 plants
  8 starspawn tentacles
  2 tentacles (Tar:7)
  4 withered plants (Tar:4)
133 creatures vanquished.

Grand Total: 4633 creatures vanquished

Notes
Turn   | Place    | Note
-------+----------+-------------------------------------------
     0 | D:1      | hikkokomori the Octopode Conjurer began the quest for the
                  | Orb.
     0 | D:1      | Reached XP level 1. HP: 11/11 MP: 3/3
   285 | D:1      | Reached XP level 2. HP: 17/17 MP: 3/5
   645 | D:1      | Reached XP level 3. HP: 21/21 MP: 3/6
  1151 | D:1      | Identified 3 scrolls of acquirement
  1151 | D:1      | Acquired 899 gold pieces
  1152 | D:1      | Acquired the +10 triple crossbow "Iprod" {penet, Int+2}
  1153 | D:1      | Acquired the ring "Xoseeh" {Dex+6 Slay+6}
  1165 | D:1      | Learned a level 2 spell: Searing Ray
  1488 | D:2      | Found a faded altar of an unknown god.
  1578 | D:2      | Reached XP level 4. HP: 27/27 MP: 7/7
  1869 | D:2      | Reached skill level 1 in Fighting
  1869 | D:2      | Reached skill level 1 in Ranged Weapons
  2468 | D:3      | Reached XP level 5. HP: 21/33 MP: 8/8
  2882 | D:3      | Noticed Natasha
  2883 | D:3      | Killed Natasha
  2970 | D:3      | Noticed Natasha
  2972 | D:3      | Killed Natasha
  2984 | D:3      | Found the +4 robe of Augmentation {Str+4 Int+4 Dex+4}
  3194 | D:3      | Noticed Natasha
  3196 | D:3      | Killed Natasha
  3197 | D:3      | Reached skill level 5 in Stealth
  3358 | D:4      | Noticed Eustachio
  3361 | D:4      | Killed Eustachio
  3362 | D:4      | Reached XP level 6. HP: 42/42 MP: 9/9
  3386 | D:4      | Reached XP level 7. HP: 36/46 MP: 10/10
  3747 | D:5      | Entered Level 5 of the Dungeon
  4252 | D:5      | Found an ancient bone altar of Kikubaaqudgha.
  4282 | D:5      | Reached skill level 5 in Fighting
  4282 | D:5      | Reached skill level 5 in Ranged Weapons
  4282 | D:5      | Reached XP level 8. HP: 39/55 MP: 11/11
  4782 | D:4      | Noticed Pikel
  4784 | D:4      | Killed Pikel
  4785 | D:4      | Noticed Menkaure
  4787 | D:4      | Killed Menkaure
  5063 | D:4      | Found a staircase to the Ecumenical Temple.
  5219 | Temple   | Entered the Ecumenical Temple
  5233 | Temple   | Became a worshipper of Gozag Ym Sagoz the Greedy
  5691 | D:6      | Noticed Grinder
  5696 | D:6      | Killed Grinder
  5697 | D:6      | Reached XP level 9. HP: 64/64 MP: 12/12
  6414 | D:7      | Found a runed translucent gate.
  6418 | D:7      | Found a runed translucent gate.
  6419 | D:7      | Found a runed translucent gate.
  6420 | D:7      | Found an opulent altar of Gozag.
  6420 | D:7      | Noticed haze1103's ghost (novice MiBe)
  7000 | D:4      | Bought the ring "Sucubaiv" {rF+ rCorr Str+3 Dex+6 Stlth+}
                  | for 776 gold pieces
  7167 | D:8      | Reached XP level 10. HP: 55/73 MP: 13/13
  7822 | D:8      | Found a white marble altar of Elyvilon.
  7829 | D:8      | Found an ornate altar of the Wu Jian Council.
  7829 | D:8      | Found a shadowy altar of Dithmenos.
  7833 | D:8      | Found a blossoming altar of Fedhas.
  8004 | D:9      | Noticed a boulder beetle
  8265 | D:9      | Reached skill level 5 in Dodging
  8496 | D:9      | Killed a boulder beetle
  8497 | D:9      | Reached skill level 10 in Fighting
  8497 | D:9      | Reached skill level 10 in Ranged Weapons
  8753 | D:10     | Entered Level 10 of the Dungeon
  8780 | D:10     | Found Wacaff's Armour Shop.
  8784 | D:10     | Found a staircase to the Orcish Mines.
  9062 | D:10     | Reached XP level 11. HP: 82/82 MP: 14/14
  9130 | D:10     | Found a staircase to the Lair.
  9347 | D:10     | Found a radiant altar of Vehumet.
  9774 | D:11     | Identified the +1 robe "Lughuis" {rF+}
  9891 | D:11     | Found a runed translucent door.
  9893 | D:11     | Noticed an orange crystal statue
  9893 | D:11     | Found the +10 tower shield of Ignorance {rN+ Int-4}
  9905 | D:11     | Found a runed translucent door.
  9933 | D:11     | Noticed a five-headed hydra
  9935 | D:11     | Killed a five-headed hydra
  9956 | D:11     | Noticed a two-headed ogre
  9957 | D:11     | Found a transporter.
  9958 | D:11     | Noticed cheesebisquit's ghost (journeyman MiBe)
  9958 | D:11     | Noticed a two-headed ogre
  9959 | D:11     | Identified the +9 giant spiked club "Zymouts" {venom, MP+9
                  | Str+6 Int+4}
  9959 | D:11     | Noticed a two-headed ogre
 10025 | D:11     | Noticed a five-headed hydra
 10050 | D:11     | Noticed a cyclops
 10062 | D:11     | Killed a cyclops
 10309 | D:11     | Killed a five-headed hydra
 10358 | D:11     | Identified the +4 trident "Deeckiax" {pain, *Noise MP+9
                  | Int-5 Stlth+}
 10412 | D:11     | Noticed a skeletal warrior
 10452 | D:10     | Reached skill level 10 in Dodging
 10452 | D:10     | Reached XP level 12. HP: 90/90 MP: 15/15
 10484 | Lair:1   | Entered Level 1 of the Lair of Beasts
 10512 | Lair:1   | Reached XP level 13. HP: 95/95 MP: 16/16
 11352 | Lair:2   | Found a hole to the Spider Nest.
 11423 | Lair:2   | Reached skill level 15 in Ranged Weapons
 11729 | Lair:2   | You fall into a shaft and drop 1 floor!
 12251 | D:4      | Bought a +4 ring of evasion for 432 gold pieces
 12251 | D:4      | Bought a +4 ring of protection for 432 gold pieces
 12405 | Orc:1    | Entered Level 1 of the Orcish Mines
 12405 | Orc:1    | Noticed Nergalle
 12406 | Orc:1    | Noticed Harold
 13366 | Lair:3   | Acquired the ring of Nusi {+Blink rPois rF+ rN+ Str-4}
 13493 | Lair:3   | Found a staircase to the Swamp.
 13755 | Lair:3   | Reached XP level 14. HP: 101/101 MP: 17/17
 14403 | Lair:4   | Found a staircase to the Slime Pits.
 15225 | Lair:5   | Entered Level 5 of the Lair of Beasts
 15898 | Lair:5   | Found the ring of the Mage {Wiz Archmagi}
 15943 | Lair:5   | Identified the +7 trident of Pyuc {chaos, Int+2}
 15955 | Lair:5   | Identified the +1 sling of the Loving Gods {freeze, rElec
                  | rCorr Int-3}
 16544 | Lair:5   | Reached skill level 1 in Evocations
 16987 | D:10     | Killed Harold
 17065 | Orc:1    | Killed Nergalle
 17317 | Orc:1    | Noticed Erolcha
 17325 | Orc:1    | Killed Erolcha
 17335 | Orc:1    | Found a runed translucent door.
 17335 | Orc:1    | Found a shimmering altar of Xom.
 17335 | Orc:1    | Noticed ThatPearl's ghost (journeyman DgIE)
 17417 | Orc:1    | Reached XP level 15. HP: 109/109 MP: 18/18
 17520 | Orc:1    | Found Uthrozu's Antique Armour Shop.
 17814 | Orc:1    | Bought a scroll of teleportation for 57 gold pieces
 17814 | Orc:1    | Bought a scroll of identify for 38 gold pieces
 17814 | Orc:1    | Bought a scroll of identify for 38 gold pieces
 17814 | Orc:1    | Bought a scroll of identify for 38 gold pieces
 17814 | Orc:1    | Bought a scroll of identify for 38 gold pieces
 17814 | Orc:1    | Bought a scroll of identify for 38 gold pieces
 17814 | Orc:1    | Bought a scroll of identify for 38 gold pieces
 17843 | Orc:2    | Entered Level 2 of the Orcish Mines
 17858 | Orc:2    | Noticed Azrael
 17862 | Orc:2    | Killed Azrael
 17895 | Orc:2    | Found a staircase to the Elven Halls.
 18402 | Orc:2    | Found Epeept's Antique Weapon Boutique.
 18409 | Orc:2    | Found Wirgh's Magic Scroll Shoppe.
 18422 | Orc:2    | Bought a scroll of blinking for 90 gold pieces
 18431 | Orc:2    | Found Ryunaut's General Store.
 18433 | Orc:2    | Found Uxkumuis's Antique Weapon Boutique.
 18439 | Orc:2    | Bought a scroll of blinking for 105 gold pieces
 18524 | Orc:2    | Found Otoewk's Weapon Boutique.
 18619 | Orc:2    | Reached skill level 5 in Evocations
 18634 | Orc:2    | Found a runed translucent door.
 18634 | Orc:2    | Noticed Rangus's ghost (journeyman OgWn)
 19213 | D:12     | Found a portal to a secret trove of treasure.
 19442 | D:12     | Got the Secrets of Enthralling Stones
 19484 | D:12     | Found a runed translucent door.
 19999 | D:13     | Noticed Urug
 20001 | D:13     | Killed Urug
 20095 | D:13     | Found an iron altar of Okawaru.
 20373 | D:14     | Got the Folio of Gathered Flames
 20758 | D:14     | Found Bufrarr's Magic Scroll Emporium.
 20948 | D:14     | Found a broken altar of Ashenzari.
 21471 | D:14     | Found a gate to the Vaults.
 21518 | D:15     | Entered Level 15 of the Dungeon
 22240 | D:15     | Found a staircase to the Depths.
 22629 | Swamp:1  | Entered Level 1 of the Swamp
 22804 | Swamp:1  | Identified the +0 ring mail of Watchfulness {rF+ rC+ Will+
                  | Stlth-}
 22860 | Swamp:1  | Reached XP level 16. HP: 119/119 MP: 19/19
 22948 | Swamp:1  | Identified the ring "Boucitoce" {rPois rF- Str+4 Dex+6}
 23450 | Swamp:2  | Noticed a thorn hunter
 23453 | Swamp:2  | Killed a thorn hunter
 23628 | Swamp:2  | Noticed a thorn hunter
 23632 | Swamp:2  | Killed a thorn hunter
 23901 | Swamp:2  | Got the Catalogue of the Dynamic Coals
 24054 | Swamp:3  | Bought the ring "Larghie" {rElec EV+4 Dex+4} for 934 gold
                  | pieces
 24181 | Swamp:3  | Reached skill level 15 in Fighting
 24373 | Swamp:3  | Noticed Bai Suzhen
 24385 | Swamp:3  | Killed Bai Suzhen
 24611 | Swamp:4  | Entered Level 4 of the Swamp
 24611 | Swamp:4  | Noticed Mara
 24624 | Swamp:4  | Noticed a thorn hunter
 24625 | Swamp:4  | Killed Mara
 24627 | Swamp:4  | Killed a thorn hunter
 24767 | Swamp:4  | Identified the +4 rapier of Gallantry {freeze, Will+ MP-9
                  | Str+7}
 24847 | Swamp:4  | Noticed Donald
 24849 | Swamp:4  | Killed Donald
 24857 | Swamp:4  | Noticed a fenstrider witch
 24858 | Swamp:4  | Paralysed by a fenstrider witch for 2 turns
 24863 | Swamp:4  | Killed a fenstrider witch
 25042 | Swamp:4  | Noticed a thorn hunter
 25047 | Swamp:4  | Killed a thorn hunter
 25279 | Swamp:4  | Reached XP level 17. HP: 129/129 MP: 20/20
 25401 | Swamp:4  | Paralysed by a fenstrider witch for 5 turns
 25411 | Swamp:4  | Paralysed by a fenstrider witch for 2 turns
 25701 | Swamp:4  | Noticed Louise
 25707 | Swamp:4  | Killed Louise
 26070 | Swamp:4  | Noticed a tentacled monstrosity
 26073 | Swamp:4  | Killed a tentacled monstrosity
 26275 | Swamp:4  | Got a decaying rune of Zot
 26562 | Swamp:3  | Bought the ring "Quenaph" {Will+ Dex+2 Slay+6} for 982 gold
                  | pieces
 26651 | Spider:1 | Entered Level 1 of the Spider Nest
 28197 | Spider:1 | Found a runed translucent gate.
 28197 | Spider:1 | Found a runed translucent gate.
 28197 | Spider:1 | Found a runed translucent gate.
 28219 | Spider:1 | Noticed Timisetechie's ghost (journeyman HOFi)
 28869 | Swamp:3  | Bought the amulet "Issumuw" {Reflect rPois SH+5} for 659
                  | gold pieces
 29110 | Spider:1 | Killed Timisetechie's ghost
 29385 | Spider:2 | Identified Roxanne's Compilation of Sculpting
 29385 | Spider:2 | Noticed Roxanne
 29392 | Spider:2 | Killed Roxanne
 29686 | Spider:2 | Reached XP level 18. HP: 105/139 MP: 21/21
 30836 | Spider:3 | Noticed Jorgrun
 30841 | Spider:3 | Killed Jorgrun
 31947 | Spider:4 | Entered Level 4 of the Spider Nest
 33107 | Spider:4 | Found the -2 hat of the Alchemist {rElec rPois rF+ rC+ rN+
                  | Will+ rMut rCorr}
 33140 | Spider:4 | Identified the +3 pair of boots of Iqotwud {rPois Will+}
 33158 | Spider:4 | Got a gossamer rune of Zot
 33819 | Orc:1    | Killed ThatPearl's ghost
 33889 | Orc:2    | Killed Rangus's ghost
 34090 | D:7      | Killed haze1103's ghost
 34091 | D:7      | Reached XP level 19. HP: 147/147 MP: 22/22
 34335 | D:11     | Found a transporter.
 34594 | D:11     | Reached skill level 10 in Evocations
 34595 | D:11     | Killed cheesebisquit's ghost
 34814 | Elf:1    | Entered Level 1 of the Elven Halls
 35040 | Elf:1    | Found Guxuewk's General Store.
 35051 | Elf:1    | Bought a potion of cancellation for 80 gold pieces
 35051 | Elf:1    | Bought a scroll of blinking for 75 gold pieces
 35073 | Elf:1    | Noticed Agnes
 35080 | Elf:1    | Killed Agnes
 35336 | Elf:1    | Found a shimmering altar of Xom.
 35666 | Elf:1    | Noticed Zenata
 35675 | Elf:1    | Killed Zenata
 36342 | Elf:2    | Identified the +0 chain mail of Ignis's Felicitations
                  | {+Blink rC+ Str+4}
 36424 | Elf:2    | Found Foekk's Distillery.
 36672 | Elf:2    | Found a runed translucent door.
 36696 | Elf:2    | Found a runed translucent door.
 37425 | Elf:3    | Entered Level 3 of the Elven Halls
 37503 | Elf:3    | Reached XP level 20. HP: 151/156 MP: 23/23
 37604 | Elf:3    | Identified the +1 pair of gloves of Haagroth {rElec rPois
                  | rCorr}
 38188 | Elf:3    | Found the amulet of the Air {Inacc Air Fly rElec RMsl}
 38229 | Elf:3    | Identified the ring of Xutreiclan {rC+ Slay+3}
 38275 | Elf:3    | Identified the +0 helmet of the Stars {Stlth+}
 38315 | Elf:3    | Identified the +7 hand axe of the Shining Light {venom,
                  | rN+}
 38319 | Elf:3    | Got the Spellbook of Jinxing
 38874 | Depths:1 | Entered Level 1 of the Depths
 38909 | Depths:1 | Found a one-way gate leading to the halls of Pandemonium.
 38938 | Depths:1 | Found a bloodstained altar of Trog.
 39008 | Depths:1 | Found a one-way gate to the infinite horrors of the Abyss.
 39482 | Depths:1 | Found a one-way gateway to a ziggurat.
 39538 | Depths:1 | Reached skill level 15 in Dodging
 39594 | Depths:1 | You fall into a shaft and drop 1 floor!
 39687 | Depths:2 | Noticed a juggernaut
 39812 | Depths:2 | Found a gateway to Hell.
 39855 | Depths:2 | Found a transporter.
 39915 | Depths:2 | Acquired a manual of Unarmed Combat
 40072 | Depths:2 | Noticed a doom hound
 40073 | Depths:2 | Noticed a doom hound
 40073 | Depths:2 | Identified the +0 plate armour "Acydis" {rF+ Dex+4}
 40073 | Depths:2 | Noticed Grunn
 40083 | Depths:2 | Killed a doom hound
 40085 | Depths:2 | Reached XP level 21. HP: 140/164 MP: 24/24
 40088 | Depths:2 | Killed Grunn
 40435 | Depths:2 | Identified the +6 rapier of Momufesu {vorpal, rPois}
 40945 | Depths:2 | Found a bloodstained altar of Trog.
 40945 | Depths:2 | Found the necklace of Bloodlust {*Rage Will++ Int-3 Slay+6}
 41114 | Depths:1 | Found Rohyfow's Book Shop.
 41117 | Depths:1 | Found Neuduned's General Store.
 41117 | Depths:1 | Found Caiteato's Antique Weapon Shop.
 41120 | Depths:1 | Found Mixos's Armour Boutique.
 41511 | Depths:1 | Noticed Aizul
 41518 | Depths:1 | Killed Aizul
 41832 | Depths:2 | Found a transporter.
 41893 | Depths:3 | Noticed Xtahua
 42096 | Depths:3 | Noticed the Enchantress
 42135 | Hell     | Entered the Vestibule of Hell
 42135 | Hell     | Noticed Geryon
 42140 | Hell     | Noticed Murray
 42150 | Hell     | Killed Geryon
 42740 | Depths:2 | Killed Murray
 44454 | Hell     | Found a gateway to the ashen valley of Gehenna.
 44513 | Hell     | Found a gateway to the Iron City of Dis.
 44771 | Hell     | Found a gateway to the freezing wastes of Cocytus.
 44839 | Hell     | Found a gateway to the decaying netherworld of Tartarus.
 44947 | Vaults:1 | Entered Level 1 of the Vaults
 45032 | Vaults:1 | Found Qourchad's Antique Weapon Shoppe.
 45695 | Vaults:1 | Reached XP level 22. HP: 174/174 MP: 25/25
 45854 | Vaults:1 | Found Puxtunaa's Antique Weapon Shoppe.
 45995 | Vaults:1 | Found Sitedem's Weapon Emporium.
 46075 | Vaults:1 | Found Qonaa's Distillery.
 46660 | Spider:4 | Learned a level 5 spell: Borgnjor's Vile Clutch
 47597 | Vaults:2 | Reached skill level 10 in Stealth
 48582 | Vaults:3 | Found a flickering gateway to a bazaar.
 48594 | Bazaar   | Entered a bazaar
 48594 | Bazaar   | Found Gecluj's Distillery.
 48594 | Bazaar   | Found Quaxzi Owen's General Store.
 48601 | Bazaar   | Bought a potion of magic for 88 gold pieces
 48601 | Bazaar   | Bought 2 potions of mutation for 176 gold pieces
 48601 | Bazaar   | Bought a potion of ambrosia for 88 gold pieces
 48601 | Bazaar   | Bought a potion of invisibility for 88 gold pieces
 48601 | Bazaar   | Bought a potion of heal wounds for 55 gold pieces
 48612 | Bazaar   | Found Noonil's Antique Armour Boutique.
 48628 | Bazaar   | Found Reguwipn's Antique Weapon Boutique.
 48636 | Bazaar   | Bought a brightly glowing trident for 178 gold pieces
 48636 | Bazaar   | Identified the +8 trident "Faero" {holy, Stlth+} (You
                  | bought it in a shop in a bazaar)
 48642 | Bazaar   | Found Hiumaane's Book Emporium.
 48650 | Bazaar   | Bought a book of Weapons for 308 gold pieces
 48654 | Bazaar   | Learned a level 3 spell: Portal Projectile
 48747 | Vaults:3 | Reached skill level 1 in Hexes
 48747 | Vaults:3 | Reached skill level 1 in Translocations
 48748 | Vaults:3 | Reached skill level 1 in Necromancy
 48817 | Vaults:3 | Reached XP level 23. HP: 180/180 MP: 26/26
 48858 | Vaults:3 | Reached skill level 1 in Earth Magic
 49138 | Vaults:3 | Found a runed translucent door.
 49724 | Vaults:3 | Found a staircase to the Crypt.
 50222 | Vaults:3 | Noticed Yloucecuu's ghost (veteran SpEn)
 50229 | Vaults:3 | Killed Yloucecuu's ghost
 50313 | Vaults:4 | Reached skill level 5 in Translocations
 50318 | Vaults:4 | Reached skill level 5 in Necromancy
 50545 | Vaults:4 | Identified the +0 leather armour of the Sea {Harm rPois}
 50763 | Vaults:4 | Found Engemuse's Book Shop.
 50770 | Vaults:4 | Reached skill level 5 in Earth Magic
 51222 | Vaults:4 | Found a runed translucent gate.
 51222 | Vaults:4 | Found a runed translucent gate.
 51222 | Vaults:4 | Found a runed translucent gate.
 51398 | Vaults:4 | Noticed FexLirch's ghost (adept HOFi)
 51415 | Vaults:4 | Killed FexLirch's ghost
 51513 | Vaults:4 | Identified the ring of Entulec {Drain EV+4 Str+4 Dex+5
                  | SInv}
 51628 | Vaults:5 | Entered Level 5 of the Vaults
 52092 | Vaults:5 | Reached XP level 24. HP: 187/187 MP: 26/26
 52126 | Vaults:5 | Noticed a dread lich
 52131 | Vaults:5 | Killed a dread lich
 52153 | Vaults:5 | Identified the +10 shortbow of Inquiry {vorpal, Dex+5}
 52235 | Vaults:5 | Identified the +2 pair of gloves of the Engineer {rC+
                  | rCorr}
 52490 | Vaults:5 | Noticed a dread lich
 52495 | Vaults:5 | Identified the +7 mace "Fera Rigig" {vorpal, Dex+3}
 52499 | Vaults:5 | Killed a dread lich
 52507 | Vaults:5 | Reached skill level 10 in Necromancy
 52513 | Vaults:5 | Reached skill level 10 in Earth Magic
 53228 | Vaults:5 | Got a silver rune of Zot
 53978 | Depths:2 | Found a runed translucent door.
 54013 | Depths:2 | Killed a juggernaut
 54027 | Depths:2 | Identified the +1 chain mail "Zofa" {*Corrode Drain Int+6
                  | Dex+3}
 54028 | Depths:2 | Identified the +5 triple sword of Due Proportion {venom,
                  | rElec Str+8 SInv Stlth-}
 54795 | Slime:1  | Entered Level 1 of the Pits of Slime
 54974 | Slime:1  | Gained mutation: You are agile. (Dex +4, Str/Int -1) [a
                  | shining eye]
 54985 | Slime:2  | Reached XP level 25. HP: 193/193 MP: 26/26
 55892 | Slime:5  | Entered Level 5 of the Pits of Slime
 55967 | Slime:5  | Gained mutation: You are dopey. (Int -2) [a shining eye]
 56114 | Slime:5  | Found a viscous altar of Jiyva.
 56115 | Slime:5  | Noticed the Royal Jelly
 56134 | Slime:5  | Killed the Royal Jelly
 56180 | Slime:5  | Identified the +6 plate armour of the Evening {rC+}
 56200 | Slime:5  | Identified the +6 trident of Anger {drain, rN+ rCorr}
 56233 | Slime:5  | Identified the +1 ring mail "Voxit" {Harm *Corrode Int-3
                  | Slay+4}
 56247 | Slime:5  | Got a slimy rune of Zot
 56265 | Slime:5  | Identified the +1 pair of boots "Aruzeq" {rF+}
 56271 | Slime:5  | Identified the +7 great mace "Cuanunut" {flame, Will+}
 56721 | Depths:3 | Killed Xtahua
 56753 | Depths:3 | Killed the Enchantress
 56924 | Depths:3 | Identified the +2 scale mail of Fortitude {Harm Fly Will-
                  | Regen+}
 56997 | Depths:3 | Found a runed translucent door.
 57017 | Depths:3 | Found a runed translucent door.
 57040 | Depths:3 | Learned a level 7 spell: Storm Form
 57370 | Depths:3 | Identified the ring of Cibetas {Ice Fly rElec rN+ Str-3}
 57370 | Depths:3 | Noticed Josephina
 57378 | Depths:3 | Killed Josephina
 57379 | Depths:3 | Reached skill level 1 in Transmutations
 57409 | Depths:3 | Acquired a book of Death
 57416 | Depths:3 | Bought 2 potions of curing for 204 gold pieces
 57590 | Depths:3 | Noticed a juggernaut
 57694 | Depths:3 | Paralysed by a floating eye for 3 turns
 57699 | Depths:3 | Paralysed by a floating eye for 4 turns
 58131 | Depths:4 | Entered Level 4 of the Depths
 58137 | Depths:4 | Noticed a juggernaut
 58141 | Depths:4 | Killed a juggernaut
 58166 | Depths:4 | Found Vikeawoo's Book Boutique.
 58168 | Depths:4 | Found Feuhist's Jewellery Emporium.
 58169 | Depths:4 | Found Tafe Jai's Book Boutique.
 58232 | Depths:4 | Reached XP level 26. HP: 104/201 MP: 26/26
 58254 | Depths:4 | Found a flickering gateway to a bazaar.
 58261 | Bazaar   | Entered a bazaar
 58463 | Bazaar   | Found Avemoel's Book Shop.
 58471 | Bazaar   | Bought a book of Alchemy for 392 gold pieces
 58489 | Bazaar   | Found Ucosh's Antique Armour Shop.
 58912 | Depths:4 | Found Daohypn's Self-Improvement Boutique.
 58979 | Depths:4 | Found a gate to the Realm of Zot.
 58995 | Depths:4 | Reached skill level 5 in Transmutations
 59424 | Depths:4 | Bought the amulet "Necaas" {Reflect rC+ Str-4 Int+6 SH+5}
                  | for 723 gold pieces
 59835 | Zot:1    | Entered Level 1 of the Realm of Zot
 59854 | Zot:1    | Found a transporter.
 59928 | Zot:1    | Noticed an orb of fire
 59932 | Zot:1    | Killed an orb of fire
 59954 | Zot:1    | Found Zuzeimec's CLEARANCE SALE!.
 60309 | Zot:1    | Noticed an orb of fire
 60320 | Zot:1    | Killed an orb of fire
 60601 | Zot:1    | Found a transporter.
 61738 | Zot:1    | Identified the ring of Ighu {*Slow Will+ Int+5}
 61751 | Zot:1    | Identified the ring of the Five Orbs {Wiz rElec Stlth+}
 62034 | Zot:2    | Found a huge runed gate.
 62034 | Zot:2    | Found a huge runed gate.
 62035 | Zot:2    | Found a huge runed gate.
 62037 | Zot:2    | Found a huge runed gate.
 62038 | Zot:2    | Found a huge runed gate.
 62038 | Zot:2    | Found a huge runed gate.
 62039 | Zot:2    | Found a huge runed gate.
 62040 | Zot:2    | Found a huge runed gate.
 62040 | Zot:2    | Found a huge runed gate.
 62040 | Zot:2    | Found a huge runed gate.
 62049 | Zot:2    | Found a huge runed gate.
 62049 | Zot:2    | Found a huge runed gate.
 62049 | Zot:2    | Found a huge runed gate.
 62049 | Zot:2    | Found a huge runed gate.
 62049 | Zot:2    | Found a huge runed gate.
 62049 | Zot:2    | Found a huge runed gate.
 62050 | Zot:2    | Found a huge runed gate.
 62051 | Zot:2    | Found a huge runed gate.
 62052 | Zot:2    | Found a huge runed gate.
 62251 | Zot:2    | Found a huge runed gate.
 62252 | Zot:2    | Found a huge runed gate.
 62252 | Zot:2    | Found a huge runed gate.
 62259 | Zot:2    | Reached XP level 27. HP: 205/209 MP: 26/26
 62276 | Zot:2    | Found a huge runed gate.
 62278 | Zot:2    | Found a huge runed gate.
 62280 | Zot:2    | Found a huge runed gate.
 62282 | Zot:2    | Found a huge runed gate.
 62284 | Zot:2    | Found a huge runed gate.
 62285 | Zot:2    | Found a huge runed gate.
 62328 | Zot:2    | Found a huge runed gate.
 62328 | Zot:2    | Found a huge runed gate.
 62328 | Zot:2    | Found a huge runed gate.
 62329 | Zot:2    | Found a huge runed gate.
 62330 | Zot:2    | Found a huge runed gate.
 62331 | Zot:2    | Found a huge runed gate.
 62332 | Zot:2    | Found a huge runed gate.
 62333 | Zot:2    | Found a huge runed gate.
 62651 | Zot:2    | Found a large runed translucent door.
 62651 | Zot:2    | Found a large runed translucent door.
 62651 | Zot:2    | Noticed Yliz's ghost (legendary DsBe)
 62744 | Zot:3    | Found a transporter.
 62744 | Zot:3    | Found a transporter.
 62789 | Zot:3    | Reached skill level 27 in Ranged Weapons
 64327 | Depths:3 | Killed a juggernaut
 64715 | Orc:2    | Bought a Necronomicon for 840 gold pieces
 65610 | Zot:4    | Noticed an orb of fire
 65633 | Zot:4    | Noticed an orb of fire
 65925 | Zot:4    | Reached skill level 15 in Necromancy
 65930 | Zot:4    | Reached skill level 10 in Transmutations
 66272 | Zot:5    | Entered Level 5 of the Realm of Zot
 66432 | Zot:5    | Noticed an ancient lich
 66465 | Zot:5    | Killed an ancient lich
 66520 | Zot:5    | Noticed an orb of fire
 66522 | Zot:5    | Noticed an orb of fire
 66522 | Zot:5    | Noticed an orb of fire
 66526 | Zot:5    | Noticed an orb of fire
 66526 | Zot:5    | Noticed an orb of fire
 66529 | Zot:5    | Killed an orb of fire
 66529 | Zot:5    | Noticed an orb of fire
 66529 | Zot:5    | Noticed an orb of fire
 66531 | Zot:5    | Noticed an orb of fire
 66532 | Zot:5    | Killed an orb of fire
 66532 | Zot:5    | Noticed an orb of fire
 66535 | Zot:5    | Noticed an orb of fire
 66536 | Zot:5    | Killed an orb of fire
 66536 | Zot:5    | Gained mutation: You occasionally lose the ability to read
                  | scrolls when taking damage. [an orb of fire]
 66537 | Zot:5    | Noticed an orb of fire
 66563 | Zot:5    | Reached skill level 5 in Spellcasting
 66580 | Zot:5    | Killed an orb of fire
 66582 | Zot:5    | Killed an orb of fire
 66597 | Zot:5    | Killed an orb of fire
 66606 | Zot:5    | Killed an orb of fire
 66620 | Zot:5    | Noticed an ancient lich
 66622 | Zot:5    | Killed an ancient lich
 66655 | Zot:5    | Killed an orb of fire
 66729 | Zot:5    | Killed an orb of fire
 66861 | Zot:5    | Noticed a dread lich
 66863 | Zot:5    | Killed a dread lich
 66950 | Zot:5    | Killed an orb of fire
 67186 | Zot:5    | Killed an orb of fire
 68235 | Pan      | Entered Pandemonium
 68295 | Pan      | Noticed Bav Oxue the pandemonium lord
 69146 | Pan      | Identified the +6 sling "Qoegiopt" {venom, rPois}
 69314 | Pan      | Killed Bav Oxue the pandemonium lord
 69989 | Pan      | Got a demonic rune of Zot
 70282 | Pan      | Noticed Vurus the pandemonium lord
 70285 | Pan      | Killed Vurus the pandemonium lord
 71047 | Pan      | Entered the realm of Mnoleg.
 71076 | Pan      | Learned a level 8 spell: Necromutation
 71130 | Pan      | Noticed Mennas
 71149 | Pan      | Killed Mennas
 71383 | Pan      | Noticed Mnoleg
 71391 | Pan      | Killed Mnoleg
 71451 | Pan      | Got a glowing rune of Zot
 71546 | Pan      | Gained mutation: You occasionally shout uncontrollably at
                  | your foes. [a cacodemon]
 72309 | Pan      | Identified the +1 scale mail of the Three Songs {rN+ Str+3
                  | Stlth+}
 72312 | Pan      | Identified the +4 tower shield of Card Tricks {Int+7 Dex+2}
 72373 | Pan      | Found a glowing silver altar of Zin.
 72503 | Pan      | Reached skill level 10 in Spellcasting
 72835 | Pan      | Found a white marble altar of Elyvilon.
 72904 | Pan      | Identified the +9 flail "Toraf" {drain, Drain rF+ Dex+4}
 73228 | Pan      | Identified the +0 pair of gloves of Makhleb's Reproof {+Inv
                  | Will- Regen+ SInv}
 73660 | Pan      | Noticed a seraph
 73665 | Pan      | Killed a seraph
 73714 | Pan      | Identified the ring "Yxamufrufe" {Ice Fly Int+4}
 73769 | Pan      | Found a glowing golden altar of the Shining One.
 74427 | Depths:2 | Escaped Pandemonium
 74585 | D:12     | You paid a toll of a +7 demon blade to enter a treasure
                  | trove
 74586 | Trove    | Entered a treasure trove
 74591 | Trove    | Found the +8 longbow "Zephyr" {speed, Dex+3 SInv}
 74612 | Trove    | Identified the +3 buckler of Least Resistance {Harm Drain
                  | rPois Regen+}
 74613 | Trove    | Identified the ring "Doluozup" {rN+ Will+ AC+4 Str-5
                  | Stlth+}
 74823 | Coc:1    | Entered Level 1 of Cocytus
 74990 | Geh:1    | Entered Level 1 of Gehenna
 75727 | Geh:3    | Reached skill level 15 in Transmutations
 76047 | Geh:3    | You fall into a shaft and drop 3 floors!
 76342 | Geh:7    | Entered Level 7 of Gehenna
 77858 | Geh:7    | Identified the +7 shortbow of Action {speed, rC- rCorr
                  | Stlth+}
 77880 | Geh:7    | Found the +7 sceptre of Asmodeus
 77880 | Geh:7    | Noticed Asmodeus
 77895 | Geh:7    | Killed Asmodeus
 78244 | Geh:7    | Got an obsidian rune of Zot
 78424 | Tar:1    | Entered Level 1 of Tartarus
 81787 | Tar:7    | Entered Level 7 of Tartarus
 81863 | Tar:7    | HP: 10/218 [poisoned by a putrid mouth (dark miasma)]
 83957 | Tar:7    | Noticed the Serpent of Hell
 83973 | Tar:7    | Killed the Serpent of Hell
 84640 | Tar:7    | Noticed Ereshkigal
 86048 | Tar:7    | Killed Ereshkigal
 86068 | Tar:7    | Identified the ring of Cuetul {Int+4 Dex+6}
 86072 | Tar:7    | Got a bone rune of Zot
 86077 | Tar:7    | Identified the +2 great sword "Efriuru" {vorpal, *Slow
                  | rF+++ MP+9 Str-5}
 86947 | Geh:4    | Noticed a dread lich
 86950 | Geh:4    | Killed a dread lich
 88069 | Coc:4    | Reached skill level 27 in Fighting
 88480 | Coc:5    | Reached skill level 15 in Spellcasting
 89401 | Coc:7    | Entered Level 7 of Cocytus
 90967 | Coc:7    | Identified the +4 ring mail of Monotheism {rC+}
 90973 | Coc:7    | Identified the +1 leather armour of the Trout {Dex+6}
 91028 | Coc:7    | Noticed Antaeus
 91041 | Coc:7    | Killed Antaeus
 91318 | Coc:7    | Got an icy rune of Zot
 91360 | Coc:7    | Identified the +7 mace of Gallantry {freeze, rElec rPois
                  | rF+}
 91870 | Dis:1    | Entered Level 1 of the Iron City of Dis
 92002 | Dis:1    | Noticed an ancient lich
 92013 | Dis:1    | Killed an ancient lich
 92243 | Dis:1    | Found a burning altar of Makhleb.
 93465 | Dis:3    | Reached skill level 15 in Stealth
 94479 | Dis:7    | Entered Level 7 of the Iron City of Dis
 95411 | Dis:7    | Noticed a juggernaut
 95415 | Dis:7    | Killed a juggernaut
 95432 | Dis:7    | Identified the ring "Ytoe" {+Blink Fly Str+2}
 95435 | Dis:7    | Got the Atlas of Conjuring and Transmutation
 95440 | Dis:7    | Got the Incunabulum of the Venomous Winter
 97418 | Dis:7    | Found the +4 staff of Dispater
 97418 | Dis:7    | Noticed Dispater
 97421 | Dis:7    | Noticed a juggernaut
 97430 | Dis:7    | Killed a juggernaut
 97432 | Dis:7    | Killed Dispater
 97473 | Dis:7    | Got an iron rune of Zot
 97479 | Dis:7    | Identified the +7 spear "Kuskoizy" {flame, Fly Int+3 Dex+6}
 98113 | Depths:1 | Voluntarily entered the Abyss.
 98120 | Abyss:1  | Found a corrupted altar of Lugonu.
 98653 | Abyss:4  | Found a corrupted altar of Lugonu.
 98653 | Abyss:4  | Found a blossoming altar of Fedhas.
 98655 | Abyss:4  | Found a blossoming altar of Fedhas.
 98766 | Abyss:4  | Found a blossoming altar of Fedhas.
 98797 | Abyss:4  | Found a blossoming altar of Fedhas.
 98862 | Abyss:4  | Reached skill level 27 in Dodging
 98866 | Abyss:4  | Found a corrupted altar of Lugonu.
 98880 | Abyss:4  | Found a blossoming altar of Fedhas.
 99219 | Abyss:5  | Found a corrupted altar of Lugonu.
 99270 | Depths:1 | Escaped the Abyss
 99368 | Depths:1 | Voluntarily entered the Abyss.
 99477 | Abyss:5  | Paralysed by accursed screaming for 2 turns
 99537 | Abyss:5  | Got an abyssal rune of Zot
 99543 | Depths:1 | Escaped the Abyss
 99778 | Depths:1 | Lost mutation: You occasionally lose the ability to read
                  | scrolls when taking damage. [potion of mutation]
 99778 | Depths:1 | Lost mutation: You occasionally shout uncontrollably at
                  | your foes. [potion of mutation]
 99778 | Depths:1 | Gained mutation: You sometimes lose your temper in combat.
                  | [potion of mutation]
 99778 | Depths:1 | Gained mutation: You are weak. (Str -2) [potion of
                  | mutation]
 99778 | Depths:1 | Lost mutation: You sometimes lose your temper in combat.
                  | [potion of mutation]
 99803 | Pan      | Entered Pandemonium
 99815 | Pan      | Learned a level 6 spell: Dispersal
 99856 | Pan      | Found an exit through the horrors of the Abyss.
 99914 | Pan      | Noticed Qimm the pandemonium lord
 99920 | Pan      | Killed Qimm the pandemonium lord
 99947 | Pan      | Entered the realm of Lom Lobon.
100587 | Pan      | Noticed Lom Lobon
100594 | Pan      | Killed Lom Lobon
100805 | Pan      | Got a magical rune of Zot
101085 | Pan      | Found an exit through the horrors of the Abyss.
101187 | Pan      | Found a runed translucent door.
101192 | Pan      | Found a runed translucent door.
101192 | Pan      | Found a runed translucent door.
101229 | Pan      | Found a runed translucent door.
101367 | Pan      | Noticed Sibeymy the pandemonium lord
101371 | Pan      | Killed Sibeymy the pandemonium lord
101464 | Pan      | Found an exit through the horrors of the Abyss.
101951 | Pan      | Found a runed translucent door.
101957 | Pan      | Noticed Xewarhulukh the pandemonium lord
101976 | Pan      | Entered the realm of Cerebov.
102164 | Pan      | Identified the +8 chain mail "Goatogir" {Rampage Fly Int-5
                  | SInv}
102303 | Pan      | Identified the +1 robe of Diaseh {Archmagi}
102536 | Pan      | Found the +6 sword of Cerebov {flame}
102536 | Pan      | Noticed Cerebov
102557 | Pan      | Killed Cerebov
103336 | Pan      | Identified the +9 scimitar of Toeff {spect, rF+ Dex+2}
103453 | Pan      | Reached skill level 27 in Stealth
103524 | Pan      | Identified the +5 spear "Maxtoc" {flame, rC+ Str+2 Dex+2}
103563 | Pan      | Got a fiery rune of Zot
103653 | Pan      | Noticed Ignacio
103661 | Pan      | Killed Ignacio
104250 | Pan      | Identified the +12 glaive "Nash" {protect, *Noise rF++
                  | Will+ MP+9}
104275 | Pan      | Noticed Plog the pandemonium lord
104281 | Pan      | Killed Plog the pandemonium lord
104407 | Pan      | Identified the +6 war axe "Pinnioz" {freeze, *Noise rElec
                  | Str+3}
104407 | Pan      | Noticed Jaihaidwa the pandemonium lord
104423 | Pan      | Killed Jaihaidwa the pandemonium lord
105019 | Pan      | Noticed Xeamug the pandemonium lord
105212 | Pan      | Identified the +0 chain mail "Ocoaku Woile" {Int+2 Dex+2}
105274 | Pan      | Found an exit through the horrors of the Abyss.
105768 | Pan      | Killed Xeamug the pandemonium lord
105782 | Pan      | Identified the +3 whip "Quucacat" {vamp, rF+ Dex+4}
106267 | Pan      | Identified the +4 scale mail of the Snake Pit {rF- Will+
                  | Str+8}
106404 | Pan      | Found an exit through the horrors of the Abyss.
106777 | Pan      | Noticed Cafy the pandemonium lord
106782 | Pan      | Killed Cafy the pandemonium lord
106819 | Pan      | Identified the +6 dagger "Haeshubb" {vamp, rF++ Dex+3}
107223 | Pan      | Entered the realm of Gloorx Vloq.
107223 | Pan      | Found an exit through the horrors of the Abyss.
107585 | Pan      | Noticed Gloorx Vloq
107604 | Pan      | Killed Gloorx Vloq
108027 | Pan      | Got a dark rune of Zot
108111 | Pan      | Found an exit through the horrors of the Abyss.
108304 | Pan      | Found a runed translucent door.
108310 | Pan      | Found a runed translucent door.
108314 | Pan      | Found a runed translucent door.
108317 | Pan      | Found a runed translucent door.
108346 | Pan      | Noticed Istranuc the pandemonium lord
108352 | Pan      | Killed Istranuc the pandemonium lord
108366 | Depths:1 | Escaped Pandemonium
108733 | Crypt:1  | Entered Level 1 of the Crypt
109885 | Crypt:2  | Found a basalt altar of Yredelemnul.
110324 | Crypt:3  | Entered Level 3 of the Crypt
110372 | Crypt:3  | Found a magical portal.
110442 | WizLab   | Entered Lehudib's Moon Base
110485 | WizLab   | Found a transporter.
110647 | WizLab   | Reached skill level 27 in Spellcasting
110652 | WizLab   | Reached skill level 10 in Translocations
110944 | WizLab   | Found a transporter.
111087 | WizLab   | Identified the +1 pair of gloves of the Land of Plenty
                  | {rCorr Str+2 Dex-3}
111457 | WizLab   | Got Lehudib's Precepts of the Eight Ultimatums
112091 | Crypt:3  | Found a staircase to the Tomb.
112330 | Crypt:3  | Noticed an ancient lich
112339 | Crypt:3  | Killed an ancient lich
112358 | Crypt:3  | Identified the ring of Mocipros {rF+ rC+}
112473 | Tomb:1   | Entered Level 1 of the Tomb of the Ancients
112667 | Tomb:1   | Reached skill level 15 in Translocations
112668 | Tomb:1   | Noticed a royal mummy
112670 | Tomb:1   | Noticed a royal mummy
112901 | Tomb:1   | Noticed a royal mummy
112901 | Tomb:1   | Noticed a royal mummy
112908 | Tomb:1   | Killed a royal mummy
112911 | Tomb:1   | Killed a royal mummy
112915 | Tomb:1   | Noticed a royal mummy
112918 | Tomb:1   | Killed a royal mummy
112921 | Tomb:1   | Noticed a royal mummy
112923 | Tomb:1   | Killed a royal mummy
112924 | Tomb:1   | Noticed a royal mummy
112927 | Tomb:1   | Killed a royal mummy
112938 | Tomb:1   | Noticed a royal mummy
112941 | Tomb:1   | Killed a royal mummy
112945 | Tomb:1   | Noticed a royal mummy
112949 | Tomb:1   | Killed a royal mummy
112951 | Tomb:1   | Noticed a royal mummy
112955 | Tomb:1   | Noticed a royal mummy
112957 | Tomb:1   | Killed a royal mummy
112959 | Tomb:1   | Killed a royal mummy
112963 | Tomb:1   | Noticed a royal mummy
112967 | Tomb:1   | Killed a royal mummy
113104 | Tomb:1   | Noticed a royal mummy
113108 | Tomb:1   | Killed a royal mummy
113165 | Tomb:1   | Noticed a royal mummy
113166 | Tomb:1   | Noticed a royal mummy
113169 | Tomb:1   | Noticed a royal mummy
113170 | Tomb:1   | Killed a royal mummy
113173 | Tomb:1   | Killed a royal mummy
113176 | Tomb:1   | Killed a royal mummy
113699 | Tomb:3   | Entered Level 3 of the Tomb of the Ancients
113713 | Tomb:3   | Noticed a royal mummy
113716 | Tomb:3   | Noticed a royal mummy
113718 | Tomb:3   | Killed a royal mummy
113725 | Tomb:3   | Killed a royal mummy
113726 | Tomb:3   | Noticed a royal mummy
113732 | Tomb:3   | Noticed a royal mummy
113739 | Tomb:3   | Killed a royal mummy
113743 | Tomb:3   | Noticed a royal mummy
113744 | Tomb:3   | Noticed a royal mummy
113746 | Tomb:3   | Noticed a royal mummy
113781 | Tomb:3   | Killed a royal mummy
113809 | Tomb:3   | Noticed a royal mummy
113816 | Tomb:3   | Killed a royal mummy
113822 | Tomb:3   | Killed a royal mummy
113829 | Tomb:3   | Killed a royal mummy
114051 | Tomb:3   | Noticed a royal mummy
114055 | Tomb:3   | Killed a royal mummy
114058 | Tomb:3   | Killed a royal mummy
114352 | Tomb:3   | Got a golden rune of Zot
114448 | Tomb:3   | Identified the ring of Huol {rPois rCorr Dex+4}
114449 | Tomb:3   | Identified the +8 spear "Owano" {vamp, rC+ Int+3 Stlth+}
114471 | Tomb:3   | Identified the +3 short sword of Causality {flame, rElec
                  | rN+++ Str-4 Dex-3}
114484 | Tomb:3   | Identified the ring "Ymylyt" {Will+ Str+8 Int+4}
114489 | Tomb:3   | Identified the ring of Ocroor {rElec rPois rN+ rCorr}
114532 | Tomb:3   | Identified the +2 helmet of Ummeseag {Slay+3}
114580 | Tomb:3   | Learned a level 9 spell: Death's Door
115274 | Tomb:1   | Killed a royal mummy
115891 | Zot:5    | Got the Orb of Zot
115961 | Zot:5    | Noticed Pacomam the pandemonium lord
115965 | Zot:5    | Killed Pacomam the pandemonium lord
116274 | D:14     | Noticed Xustuum the pandemonium lord
116280 | D:14     | Killed Xustuum the pandemonium lord
116341 | D:12     | Noticed Duanilu the pandemonium lord
116342 | D:12     | Killed Duanilu the pandemonium lord
116444 | D:7      | Noticed a seraph
116447 | D:7      | Killed a seraph
116572 | D:$      | Escaped with the Orb!

Illustrated notes

Levels and vault maps discovered:
D:1:      giann_bridges, layout_basic
D:2:      layout_loops_cross, ebering_ecumenical_altar_hall
D:3:      layout_basic, uniq_natasha
D:4:      layout_loops_ring, lemuel_temple_firewalk_a, uniq_pikel,
          uniq_eustachio, uniq_menkaure
D:5:      layout_cave_pods, kennysheep_mini_moat
D:6:      layout_basic, serial_bayou_crossing, uniq_grinder
D:7:      layout_cave_pools, ebering_ghost_gozag, grunt_ministairs_3
D:8:      layout_basic, minitemple
D:9:      layout_long_grid
D:10:     layout_loops_cross, mainiacjoe_overflow_brackets,
          erik_lair_orcish_takeover, orc_david_3
D:11:     layout_long_grid, serial_glass, glass_columns_b, glass_columns_a,
          glass_columns_b, glass_columns_b, glass_columns_a, glass_columns_b,
          glass_columns_c, glass_columns_a, gammafunk_ghost_smash,
          chequers_guarded_unrand_ignorance
D:12:     layout_basic, nicolae_trove_entry_path_of_doom, nicolae_danse_macabre
D:13:     layout_big_octagon, grunt_decor_resistance, okawaru_trees_1, uniq_urug
D:14:     layout_irregular_city, erik_vaults_1, serial_shops, shop,
          evilmike_ruin_ashenzari
D:15:     hangedman_depths_entry_try_elsewhere_first, layout_cave_pools,
          amcnicky_mini_rare_corridor_liquid
Temple:   eino_temple_scatter_basement
Lair:1:   layout_gridlike, nicolae_quartered_pool_super,
          chequers_serial_rivers_small_b
Lair:2:   layout_cave_pods, spider_nest_entry_web_field, grunt_megastairs_2,
          lemuel_fruit_tree, infiniplex_staircase_pool_2
Lair:3:   nzn_winding_woodlands_medium [nzn_winding_woodlands_5x5_open_star,
          nzn_winding_woodlands_5x15_jagged,
          nzn_winding_woodlands_5x5_checkerboard,
          nzn_winding_woodlands_5x5_perimeter,
          nzn_winding_woodlands_center_lodge, nzn_winding_woodlands_5x5_cross,
          nzn_winding_woodlands_5x5_closed_star,
          nzn_winding_woodlands_5x15_split_checker,
          nzn_winding_woodlands_5x5_three], layout_loops_ring,
          minmay_swamp_entry_worms
Lair:4:   beast_lair_carwin_large_3, layout_loops_ring, slime_entry_1,
          chequers_serial_rivers_room_b
Lair:5:   gammafunk_lair_ancient_temple, layout_gridlike
Swamp:1:  layout_basic_swamp, evilmike_swamp_ruin_house_5
Swamp:2:  layout_falls_marsh, hangedman_swamp_ruin_wall
Swamp:3:  layout_basic_swamp, evilmike_swamp_ruin_house_1, uniq_bai_suzhen
Swamp:4:  nzn_swamp_witches_coven, layout_basic_swamp, uniq_mara, uniq_donald,
          uniq_louise
Spider:1: layout_spider_delve, ebering_ghost_rock_garden,
          nicolae_spider_nooks_and_crannies
Spider:2: layout_spider_delve, uniq_roxanne
Spider:3: spiders_nest_scorpion_pit, uniq_jorgrun
Spider:4: guppyfry_spider_rune
Slime:1:  layout_caves
Slime:2:  layout_caves, cheibrodos_slime_lost_civilization_7, uniq_dissolution
Slime:3:  layout_caves, cheibrodos_slime_lost_civilization_5
Slime:4:  layout_caves
Slime:5
Orc:1:    layout_caves, ebering_ghost_xom, serial_shops, nicolae_square_shop,
          uniq_harold, uniq_nergalle, uniq_erolcha
Orc:2:    st_orc_elflike, layout_caves, hellmonk_ghost_happy_afterlife,
          serial_shops, shop, special_room, uniq_azrael
Elf:1:    eino_elf_arrival_customs, layout_gridlike, serial_shops, shop,
          basic_altar, kennysheep_underground_church, kb_rosetta, uniq_zenata,
          uniq_agnes
Elf:2:    nicolae_elf_blades_splatter_lattice
          [nicolae_blade_entry_splitting_headache], layout_geoelf_octagon,
          serial_shops, shop, st_stairs_4, dk_noncrumbling_3
Elf:3:    minmay_elf_hall_circle, layout_geoelf_octagon
Vaults:1: vaults_dpeg_ring, ontoclasm_vaults_loading_screen,
          nicolae_vaults_stairing_the_circle, vaults_dpeg_encased_lava,
          hangedman_vaults_nodes, v_misc_18, vaults_standard_mumra_x,
          vaults_room_grunt_arrival_ludios, v_misc_9, hangedman_vaults_impose,
          nicolae_vaults_statue_guard, v_misc_25, layout_vaults_ring,
          serial_shops, nicolae_diamond_shop, nicolae_lakefront_shop, shop, shop
Vaults:2: vaults_standard_mumra_enter_the_diamond, nicolae_vaults_halls_meeting,
          v_misc_13, hangedman_vaults_stretched_pinwheel, vaults_dpeg_hooks,
          ontoclasm_vaults_gateway, layout_vaults_omnigrid
Vaults:3: ebering_ghost_reflecting_pool, dpeg_vaults_waves, v_rooms_6,
          ontoclasm_vaults_chip, nicolae_vaults_big_angled_halls,
          nicolae_vaults_little_squares_4, v_pattern_3, dpeg_vaults_monster_box,
          hangedman_vaults_corner_blocks, nicolae_vaults_circle_grid_b,
          v_misc_32, hangedman_vaults_river_flow,
          minmay_crypt_entry_simple_round, ontoclasm_vaults_pinch,
          layout_vaults_omnicross, serial_shops, bzr_entry_customers
Vaults:4: gammafunk_ghost_spectres, ontoclasm_vaults_misaligned, v_misc_25,
          nicolae_vaults_little_squares_4, v_misc_28,
          hangedman_vaults_corner_blocks, nicolae_vaults_network_barrier,
          vaults_mumra_chevron, v_misc_18, nicolae_vaults_network_s,
          vaults_room_large_hall, hangedman_vaults_pinch, nicolae_vaults_theta,
          layout_vaults_maze, serial_shops, shop
Vaults:5: serial_shops
Crypt:1:  layout_misc_corridors, minivault_27, grunt_megastairs_4
Crypt:2:  layout_regular_city, basic_altar
Crypt:3:  david_glass_crypt, layout_chaotic_city, tomb_entry_sphere_bobbens,
          infiniplex_enter_wizlab_glasses
Tomb:1
Tomb:2
Tomb:3
Depths:1: layout_basic, enter_ziggurat_a, bloody_trog, abyss_entry,
          lightli_too_deep, pan_entry, kennysheep_small_square,
          infiniplex_staircase_pool_lava, minmay_shoptagon, uniq_aizul
Depths:2: emtedronai_trogs_sanctum, layout_gridlike, pan_entry, hell_entry,
          uniq_grunn
Depths:3: minmay_expanding_circles, layout_cave_shapes, abyss_entry,
          grunt_hell_entry_dis_grunt, chequers_serial_rivers_small_a,
          infiniplex_staircase_door_maze, uniq_xtahua, uniq_josephina,
          uniq_enchantress
Depths:4: grunt_zot_entry_tricorne, layout_gridlike, minmay_misc_feat_room,
          serial_shops, bzr_in_the_mist, hell_entry, nicolae_shop_self_help,
          kennysheep_random_hallway, serial_bayou_shore_b, grunt_megastairs_5,
          minmay_shop_grove
Hell
Dis:1:    kennysheep_iron_temple, layout_regular_city
Dis:2:    layout_subdivisions
Dis:3:    layout_subdivisions
Dis:4:    layout_subdivisions
Dis:5:    layout_subdivisions, hangedman_dis_decor_tower
Dis:6:    layout_regular_city
Dis:7:    dis_st
Geh:1:    layout_gehenna_pools_triple
Geh:2:    layout_gehenna_pools_box
Geh:3:    hangedman_generic_boss_arena
Geh:4:    nicolae_geh_erupted_tower, layout_gehenna_pools_box
Geh:5:    layout_gehenna_lava_caves
Geh:6:    layout_gehenna_lava_caves
Geh:7:    geh_old
Coc:1:    layout_cocytus_water_paths
Coc:2:    layout_cocytus_water_paths
Coc:3:    layout_cocytus_water_paths
Coc:4:    layout_ice_bergs
Coc:5:    layout_ice_bergs
Coc:6:    layout_ice_bergs
Coc:7:    coc_old
Tar:1:    layout_cathedral_of_symmetry
Tar:2:    layout_catacombs
Tar:3:    layout_honeycomb
Tar:4:    layout_grid_maze, lemuel_nasty_pond
Tar:5:    layout_grid_maze
Tar:6:    layout_grid_maze
Tar:7:    tar_minmay_river
Zot:1:    gammafunk_dig_for_victory, layout_cathedral_of_symmetry,
          nicolae_shop_clearance
Zot:2:    layout_onion_interference, ebering_ghost_disaster_area, door_vault
Zot:3:    layout_gridlike, st_stairs_4, nicolae_diode_stairs
Zot:4:    layout_onion_interference, lemuel_lake_of_fire
Zot:5:    layout_basic, skrybe_zot_glass_3

Skill      XL: |  1  2  3  4  5  6  7  8  9 10 11 12 13 14 15 16 17 18 19 20 21 22 23 24 25 26 27 |
---------------+----------------------------------------------------------------------------------+-----
Stealth        | 3 4 5 6 8 12 27 | 27.0
Fighting       | 1 3 5 7 8 10 11 12 14 16 17 18 19 20 21 22 27 | 27.0
Ranged Weapons | 1 3 5 7 9 10 12 13 16 18 19 21 22 23 24 25 26 27 | 27.0
Dodging        | 3 6 10 11 12 13 15 16 17 18 27 | 27.0
Evocations     | 2 7 9 11 12 | 12.6
Hexes          | 1 |  1.4
Translocations | 1 7 8 21 | 21.2
Necromancy     | 1 7 12 14 21 | 21.9
Earth Magic    | 7 12 14 | 14.0
Transmutations | 3 8 19 | 19.4
Spellcasting   | 27 | 27.0
Conjurations   | |  4.3

Action                   |  1- 3 |  4- 6 |  7- 9 | 10-12 | 13-15 | 16-18 | 19-21 | 22-24 | 25-27 || total
-------------------------+-------+-------+-------+-------+-------+-------+-------+-------+-------++-------
Melee: Unarmed           |     6 |       |       |       |       |       |       |       |       ||     6
       Constrict         |     3 |       |       |       |       |       |       |       |       ||     3
       Tentacles         |     2 |       |       |       |     1 |       |       |       |       ||     3
       Spear             |     6 |       |       |       |    12 |       |       |       |       ||    18
       Punch             |       |       |       |       |     1 |       |       |       |       ||     1
       Triple crossbow   |       |       |       |       |       |     1 |       |       |       ||     1
 Fire: Triple crossbow   |     6 |    65 |   137 |   158 |   640 |   731 |   637 |   810 |  5440 ||  8624
 Cast: Magic Dart        |    44 |       |       |       |     2 |       |       |       |       ||    46
       Searing Ray       |       |       |       |       |     1 |       |       |       |       ||     1
       Borgnjor's Vile C |       |       |       |       |       |       |       |       |     6 ||     6
       Necromutation     |       |       |       |       |       |       |       |       |    34 ||    34
       Death's Door      |       |       |       |       |       |       |       |       |     1 ||     1
       Dispersal         |       |       |       |       |       |       |       |       |     1 ||     1
Invok: Call Merchant     |       |       |     1 |     1 |     2 |     1 |       |       |     2 ||     7
       Potion Petition   |       |       |       |     1 |       |       |     1 |       |    28 ||    30
       Bribe Branch      |       |       |       |       |       |       |       |       |     1 ||     1
 Abil: Evoke Blink       |       |       |       |       |       |     1 |     2 |       |     2 ||     5
       End Transformatio |       |       |       |       |       |       |       |       |     1 ||     1
Evoke: Wand              |       |       |       |       |     5 |     2 |     5 |     7 |    13 ||    32
       Condenser vane    |       |       |       |       |       |       |     2 |     1 |     2 ||     5
       Tin of tremorston |       |       |       |       |       |       |     2 |       |     3 ||     5
       Box of beasts     |       |       |       |       |       |       |       |     1 |       ||     1
  Use: Scroll            |     3 |       |     5 |    10 |    15 |     3 |     7 |     5 |    30 ||    78
       Potion            |       |       |       |     2 |       |     4 |     2 |     8 |    33 ||    49
Armor: Skin              |     5 |     1 |     2 |     1 |    13 |    11 |     1 |       |     8 ||    42
Dodge: Dodged            |    17 |    11 |    24 |    46 |   264 |   334 |   361 |   179 |  1970 ||  3206
Block: Other             |       |       |       |       |       |    20 |    44 |    29 |    99 ||   192
       Reflection        |       |       |       |       |       |       |     5 |    10 |     7 ||    22
